General information
- name: BNet
- type: Ladder team game (AT/RT)
- host: Battle.net
- saver: HarshReality
map: MarketSquare
- players: 8
- length: 30:40
- speed: Fast
- version: 1.28 W3XP
- replay type: Public
» download(191 KB)
Players
team 1 (loser)
c0ca_c0la (
red | 63 APM | 1035 actions | 16:30)
4 Dreadlord
3 Sleep
1 Vampiric Aura
» actions
| Assign group hotkey | 26 | |
| Basic commands | 13 | |
| Build / train | 57 | |
| ESC pressed | 5 | |
| Enter build submenu | 19 | |
| Enter hero's abilities submenu | 3 | |
| Right click | 569 | |
| Select / deselect | 203 | |
| Select group hotkey | 81 | |
| Use ability | 59 | |
1035 total
» units
| Acolyte | 13 | |
| Ghoul | 11 | |
| Abomination | 5 | |
| Gargoyle | 3 | |
32 total
» upgrades
| Unholy Strength | 2 | |
| Unholy Armor | 2 | |
| Disease Cloud | 1 | |
5 total
» buildings
| Altar of Darkness | 1 | |
| Ziggurat | 6 | |
| Crypt | 1 | |
| Tomb of Relics | 1 | |
| Nerubian Tower | 1 | |
| Halls of the Dead | 2 | |
| Graveyard | 2 | |
| Black Citadel | 3 | |
| Slaughterhouse | 2 | |
19 total
» build order
00:40 Altar of Darkness
00:41 Ziggurat
00:44 Crypt
00:48 Tomb of Relics
01:29 Ziggurat
01:33 Nerubian Tower
03:05 Halls of the Dead
03:05 Halls of the Dead
04:40 Graveyard
04:50 Graveyard
04:53 Ziggurat
05:38 Ziggurat
06:44 Black Citadel
06:45 Black Citadel
07:42 Slaughterhouse
07:44 Slaughterhouse
07:47 Ziggurat
10:31 Ziggurat
» items
| Rod of Necromancy | 1 | |
| Potion of Healing | 1 | |
| Dust of Appearance | 2 | |
| Orb of Corruption | 1 | |
5 total
WILD-THING. (
orange | 68 APM | 2096 actions | 30:37)
9 Goblin Tinker
3 Pocket Factory
3 Engineering Upgrade
1 Robo-Goblin
2 Cluster Rockets
» actions
| Assign group hotkey | 55 | |
| Basic commands | 44 | |
| Build / train | 84 | |
| Enter build submenu | 30 | |
| Enter hero's abilities submenu | 9 | |
| Give item / drop item | 7 | |
| Right click | 979 | |
| Select / deselect | 263 | |
| Select group hotkey | 474 | |
| Use ability | 151 | |
2096 total
» units
| Peon | 20 | |
| Grunt | 3 | |
| Wind Rider | 8 | |
| Rogue | 1 | |
| Obsidian Statue | 6 | |
| Troll Witch Doctor | 4 | |
42 total
» upgrades
| Reinforced Defenses | 1 | |
| Ranged Weapons | 2 | |
| Armor | 2 | |
| Destroyer Form | 1 | |
| Creature Attack | 2 | |
| Creature Carapace | 2 | |
| Envenomed Spears | 1 | |
11 total
» buildings
| Altar of Storms | 1 | |
| Orc Burrow | 6 | |
| Barracks | 1 | |
| Voodoo Lounge | 1 | |
| Stronghold | 3 | |
| War Mill | 1 | |
| Great Hall | 1 | |
| Watch Tower | 57 | |
| Fortress | 1 | |
| Beastiary | 3 | |
75 total
» build order
00:08 Altar of Storms
00:18 Orc Burrow
00:39 Barracks
01:26 Orc Burrow
01:57 Voodoo Lounge
02:57 Stronghold
02:58 Stronghold
03:31 War Mill
04:27 Great Hall
04:35 Orc Burrow
05:39 Watch Tower
05:39 Watch Tower
06:41 Fortress
06:55 Watch Tower
06:57 Watch Tower
07:38 Watch Tower
07:39 Watch Tower
07:52 Beastiary
08:36 Beastiary
10:49 Watch Tower
10:49 Watch Tower
11:41 Watch Tower
11:42 Watch Tower
12:45 Orc Burrow
12:46 Orc Burrow
12:47 Orc Burrow
13:06 Watch Tower
13:10 Watch Tower
13:13 Watch Tower
14:20 Beastiary
14:24 Watch Tower
14:58 Watch Tower
15:06 Watch Tower
16:45 Watch Tower
16:45 Watch Tower
16:50 Watch Tower
16:50 Watch Tower
16:51 Watch Tower
16:51 Watch Tower
16:52 Watch Tower
16:52 Watch Tower
20:22 Watch Tower
20:22 Watch Tower
20:23 Watch Tower
20:23 Watch Tower
20:24 Watch Tower
20:24 Watch Tower
20:25 Watch Tower
20:26 Watch Tower
20:26 Watch Tower
20:27 Watch Tower
20:27 Watch Tower
20:28 Watch Tower
20:28 Watch Tower
20:29 Watch Tower
20:29 Watch Tower
20:30 Watch Tower
20:30 Watch Tower
20:30 Watch Tower
20:31 Watch Tower
20:53 Watch Tower
20:54 Watch Tower
20:54 Watch Tower
20:55 Watch Tower
20:55 Watch Tower
20:55 Watch Tower
21:15 Watch Tower
21:16 Watch Tower
22:48 Watch Tower
22:48 Watch Tower
22:49 Watch Tower
22:50 Watch Tower
22:50 Watch Tower
22:51 Watch Tower
» items
| Healing Salve | 4 | |
| Potion of Lesser Invulnerability | 3 | |
| Boots of Speed | 1 | |
| Potion of Healing | 3 | |
| Potion of Invisibility | 2 | |
| Scroll of Healing | 1 | |
| Scroll of Town Portal | 1 | |
| Orb of Lightning | 1 | |
16 total

»
miniz (
yellow | 50 APM | 836 actions | 16:50)
3 Death Knight
1 Death Coil
1 Death Pact
1 Unholy Aura
2 Lich
1 Frost Nova
1 Frost Armor
2 Dark Ranger
1 Silence
1 Black Arrow
» actions
| Build / train | 63 | |
| Enter build submenu | 19 | |
| Enter hero's abilities submenu | 7 | |
| Give item / drop item | 6 | |
| Right click | 423 | |
| Select / deselect | 260 | |
| Use ability | 58 | |
836 total
» units
| Acolyte | 9 | |
| Ghoul | 8 | |
| Obsidian Statue | 5 | |
| Frost Wyrm | 5 | |
27 total
» upgrades
| Creature Attack | 3 | |
| Creature Carapace | 1 | |
| Destroyer Form | 1 | |
| Freezing Breath | 1 | |
6 total
» buildings
| Ziggurat | 10 | |
| Crypt | 1 | |
| Altar of Darkness | 1 | |
| Nerubian Tower | 3 | |
| Tomb of Relics | 1 | |
| Halls of the Dead | 1 | |
| Graveyard | 1 | |
| Black Citadel | 1 | |
| Spirit Tower | 3 | |
| Sacrificial Pit | 1 | |
| Slaughterhouse | 1 | |
| Boneyard | 2 | |
26 total
» build order
00:09 Ziggurat
00:14 Crypt
00:36 Altar of Darkness
01:06 Ziggurat
01:29 Nerubian Tower
01:58 Tomb of Relics
02:25 Ziggurat
04:49 Halls of the Dead
05:29 Graveyard
06:31 Ziggurat
06:33 Ziggurat
06:35 Ziggurat
06:37 Ziggurat
06:40 Ziggurat
06:52 Ziggurat
07:12 Black Citadel
07:37 Spirit Tower
07:46 Sacrificial Pit
07:50 Ziggurat
07:59 Slaughterhouse
08:03 Nerubian Tower
09:37 Boneyard
09:39 Boneyard
10:50 Spirit Tower
14:24 Spirit Tower
14:26 Nerubian Tower
» items
| Rod of Necromancy | 1 | |
| Potion of Healing | 4 | |
| Staff of Teleportation | 2 | |
| Potion of Lesser Invulnerability | 2 | |
| Boots of Speed | 1 | |
| Orb of Corruption | 2 | |
12 total

»
sajoco17 (
purple | 28 APM | 480 actions | 16:55)
5 Dark Ranger
3 Black Arrow
2 Silence
» actions
| Basic commands | 106 | |
| Build / train | 62 | |
| ESC pressed | 1 | |
| Enter build submenu | 15 | |
| Enter hero's abilities submenu | 5 | |
| Remove unit from queue | 1 | |
| Right click | 107 | |
| Select / deselect | 150 | |
| Use ability | 33 | |
480 total
» units
| Peon | 13 | |
| Troll Headhunter/Berserker | 20 | |
| Troll Witch Doctor | 8 | |
| Shaman | 2 | |
43 total
» upgrades
| Spiked Barricades | 1 | |
| Ranged Weapons | 1 | |
| Armor | 1 | |
| Troll Regeneration | 1 | |
| Witch Doctor Training | 2 | |
| Shaman Training | 2 | |
| Reinforced Defenses | 1 | |
| Berserker Upgrade | 1 | |
10 total
» buildings
| Altar of Storms | 1 | |
| Orc Burrow | 8 | |
| Barracks | 1 | |
| War Mill | 1 | |
| Stronghold | 1 | |
| Voodoo Lounge | 1 | |
| Watch Tower | 8 | |
| Fortress | 1 | |
| Spirit Lodge | 1 | |
| Great Hall | 1 | |
24 total
» build order
00:20 Altar of Storms
00:35 Orc Burrow
00:53 Barracks
01:40 War Mill
02:01 Orc Burrow
02:34 Orc Burrow
03:30 Orc Burrow
04:15 Stronghold
05:06 Voodoo Lounge
05:12 Watch Tower
05:13 Watch Tower
06:54 Fortress
07:34 Spirit Lodge
07:41 Orc Burrow
07:45 Orc Burrow
09:28 Watch Tower
09:30 Watch Tower
10:08 Watch Tower
10:09 Watch Tower
10:11 Watch Tower
10:13 Watch Tower
15:36 Great Hall
15:56 Orc Burrow
15:59 Orc Burrow
» items
team 2 (winner)
(p^_-)o (
green | 56 APM | 1716 actions | 30:38)
7 Blademaster
3 Wind Walk
3 Critical Strike
1 Bladestorm
» actions
| Assign group hotkey | 38 | |
| Basic commands | 81 | |
| Build / train | 59 | |
| Enter build submenu | 32 | |
| Enter hero's abilities submenu | 7 | |
| Give item / drop item | 14 | |
| Right click | 893 | |
| Select / deselect | 259 | |
| Select group hotkey | 196 | |
| Use ability | 137 | |
1716 total
» units
| Peon | 15 | |
| Grunt | 8 | |
| Troll Batrider | 7 | |
30 total
» upgrades
| Ranged Weapons | 2 | |
| Reinforced Defenses | 1 | |
| Liquid Fire | 1 | |
| Troll Regeneration | 1 | |
| Armor | 2 | |
| Envenomed Spears | 1 | |
8 total
» buildings
| Orc Burrow | 3 | |
| Altar of Storms | 1 | |
| Barracks | 1 | |
| Voodoo Lounge | 1 | |
| Stronghold | 1 | |
| War Mill | 2 | |
| Beastiary | 2 | |
| Great Hall | 1 | |
| Fortress | 1 | |
| Watch Tower | 20 | |
33 total
» build order
00:14 Orc Burrow
00:58 Orc Burrow
01:09 Altar of Storms
01:12 Barracks
02:04 Voodoo Lounge
02:50 Stronghold
04:23 War Mill
04:25 Orc Burrow
05:18 Beastiary
05:19 Beastiary
05:46 Great Hall
07:33 Fortress
08:11 Watch Tower
08:11 Watch Tower
08:12 Watch Tower
08:12 Watch Tower
14:21 Watch Tower
14:21 Watch Tower
14:21 Watch Tower
14:21 Watch Tower
14:22 Watch Tower
18:02 Watch Tower
18:03 Watch Tower
18:07 Watch Tower
18:09 Watch Tower
20:13 War Mill
21:36 Watch Tower
21:37 Watch Tower
21:41 Watch Tower
21:42 Watch Tower
21:50 Watch Tower
21:50 Watch Tower
21:53 Watch Tower
» items
| Healing Salve | 2 | |
| Scroll of Town Portal | 2 | |
| Periapt of Vitality | 4 | |
| Boots of Speed | 1 | |
| Staff of Teleportation | 1 | |
| Circlet of Nobility | 1 | |
11 total
HarshReality (
teal | 126 APM | 3863 actions | 30:40)
6 Archmage
3 Summon Water Elemental
2 Brilliance Aura
1 Mass Teleport
5 Mountain King
3 Storm Bolt
2 Bash
» actions
| Assign group hotkey | 130 | |
| Basic commands | 270 | |
| Build / train | 182 | |
| ESC pressed | 8 | |
| Enter build submenu | 41 | |
| Enter hero's abilities submenu | 11 | |
| Give item / drop item | 7 | |
| Right click | 1308 | |
| Select / deselect | 485 | |
| Select group hotkey | 1202 | |
| Use ability | 219 | |
3863 total
» units
| Peasant | 17 | |
| Footman | 10 | |
| Rifleman | 6 | |
| Sorceress | 2 | |
| Priest | 2 | |
| Dragonhawk Rider | 2 | |
| Gryphon Rider | 2 | |
41 total
» upgrades
| Gunpowder | 3 | |
| Masonry | 3 | |
| Long Rifles | 1 | |
| Armor | 3 | |
| Sorceress Training | 2 | |
| Lumber Harvesting | 2 | |
| Priest Training | 2 | |
| Plating | 2 | |
| Swords | 3 | |
| Animal War Training | 1 | |
| Cloud | 1 | |
| Storm Hammers | 1 | |
| Magic Sentry | 1 | |
25 total
» buildings
| Altar of Kings | 1 | |
| Barracks | 1 | |
| Farm | 11 | |
| Lumber Mill | 1 | |
| Arcane Vault | 1 | |
| Blacksmith | 1 | |
| Keep | 4 | |
| Scout Tower | 10 | |
| Town Hall | 1 | |
| Guard Tower | 29 | |
| Castle | 3 | |
| Arcane Sanctum | 2 | |
| Gryphon Aviary | 4 | |
69 total
» build order
00:58 Altar of Kings
01:00 Barracks
01:07 Farm
01:12 Farm
01:19 Farm
01:52 Lumber Mill
01:57 Arcane Vault
02:24 Blacksmith
03:15 Farm
03:56 Keep
03:57 Keep
03:57 Keep
04:00 Farm
04:04 Farm
04:10 Scout Tower
04:21 Scout Tower
04:25 Scout Tower
05:10 Town Hall
05:34 Guard Tower
05:35 Guard Tower
07:11 Castle
07:12 Castle
07:31 Guard Tower
07:32 Guard Tower
07:32 Guard Tower
07:33 Guard Tower
07:33 Guard Tower
09:15 Farm
09:20 Farm
09:21 Farm
09:35 Arcane Sanctum
10:39 Arcane Sanctum
13:01 Farm
14:31 Scout Tower
14:32 Scout Tower
15:17 Guard Tower
15:17 Guard Tower
15:17 Guard Tower
15:20 Scout Tower
15:21 Scout Tower
15:22 Scout Tower
17:28 Guard Tower
17:28 Guard Tower
17:28 Guard Tower
17:29 Guard Tower
17:31 Gryphon Aviary
17:33 Gryphon Aviary
17:36 Scout Tower
17:37 Scout Tower
17:44 Gryphon Aviary
18:18 Guard Tower
18:18 Guard Tower
18:19 Guard Tower
18:19 Guard Tower
18:35 Gryphon Aviary
18:39 Guard Tower
18:39 Guard Tower
18:39 Guard Tower
19:19 Farm
» items
| Scroll of Regeneration | 4 | |
| Mechanical Critter | 3 | |
| Orb of Lightning | 1 | |
| Boots of Speed | 1 | |
| Periapt of Vitality | 2 | |
| Circlet of Nobility | 1 | |
| Potion of Lesser Invulnerability | 2 | |
| Scroll of Protection | 1 | |
| Staff of Teleportation | 2 | |
| Scroll of Town Portal | 1 | |
18 total

»
The13ichKing (
pink | 29 APM | 703 actions | 24:33)
3 Shadow Hunter
2 Serpent Ward
1 Healing Wave
» actions
| Basic commands | 2 | |
| Build / train | 51 | |
| Enter build submenu | 33 | |
| Enter hero's abilities submenu | 4 | |
| Remove unit from queue | 2 | |
| Right click | 204 | |
| Select / deselect | 351 | |
| Use ability | 56 | |
703 total
» units
| Peon | 20 | |
| Grunt | 8 | |
| Shaman | 3 | |
| Troll Witch Doctor | 1 | |
| Tauren | 6 | |
38 total
» upgrades
| Armor | 1 | |
| Shaman Training | 2 | |
| Melee Weapons | 1 | |
| Pulverize | 1 | |
5 total
» buildings
| Altar of Storms | 2 | |
| Orc Burrow | 15 | |
| Barracks | 1 | |
| War Mill | 1 | |
| Stronghold | 1 | |
| Great Hall | 1 | |
| Watch Tower | 6 | |
| Spirit Lodge | 2 | |
| Fortress | 1 | |
| Voodoo Lounge | 1 | |
| Tauren Totem | 2 | |
33 total
» build order
00:08 Altar of Storms
00:10 Orc Burrow
00:15 Barracks
02:08 Orc Burrow
02:54 War Mill
04:01 Stronghold
05:11 Orc Burrow
06:05 Great Hall
06:22 Watch Tower
06:31 Watch Tower
07:22 Watch Tower
07:58 Orc Burrow
08:07 Watch Tower
08:53 Watch Tower
08:59 Watch Tower
09:25 Spirit Lodge
09:28 Fortress
10:28 Spirit Lodge
11:22 Voodoo Lounge
11:34 Orc Burrow
11:57 Tauren Totem
12:14 Tauren Totem
14:23 Orc Burrow
14:41 Orc Burrow
14:47 Orc Burrow
15:43 Orc Burrow
16:22 Orc Burrow
18:56 Altar of Storms
20:50 Orc Burrow
20:56 Orc Burrow
22:50 Orc Burrow
22:56 Orc Burrow
23:05 Orc Burrow
flaytheweak (
blue | 47 APM | 1265 actions | 27:07)
5 Mountain King
3 Storm Bolt
2 Bash
4 Paladin
2 Holy Light
2 Divine Shield
» actions
| Basic commands | 1 | |
| Build / train | 72 | |
| Enter build submenu | 31 | |
| Enter hero's abilities submenu | 9 | |
| Right click | 832 | |
| Select / deselect | 263 | |
| Use ability | 57 | |
1265 total
» units
| Peasant | 14 | |
| Footman | 12 | |
| Knight | 8 | |
| Gryphon Rider | 9 | |
43 total
» upgrades
| Swords | 3 | |
| Lumber Harvesting | 2 | |
| Animal War Training | 1 | |
| Storm Hammers | 1 | |
| Plating | 1 | |
8 total
» buildings
| Altar of Kings | 1 | |
| Farm | 13 | |
| Barracks | 2 | |
| Scout Tower | 10 | |
| Lumber Mill | 1 | |
| Guard Tower | 8 | |
| Keep | 1 | |
| Blacksmith | 1 | |
| Castle | 1 | |
| Gryphon Aviary | 2 | |
| Town Hall | 1 | |
41 total
» build order
00:14 Altar of Kings
00:21 Farm
00:58 Farm
01:09 Barracks
01:40 Scout Tower
01:53 Lumber Mill
02:09 Farm
02:43 Scout Tower
02:52 Scout Tower
02:59 Farm
03:12 Guard Tower
03:26 Guard Tower
04:17 Scout Tower
04:29 Keep
05:17 Guard Tower
05:31 Farm
05:36 Blacksmith
07:04 Castle
07:10 Farm
07:13 Barracks
07:49 Gryphon Aviary
07:53 Gryphon Aviary
09:27 Town Hall
10:34 Scout Tower
10:39 Scout Tower
10:50 Scout Tower
11:08 Guard Tower
11:11 Guard Tower
11:47 Guard Tower
12:00 Scout Tower
12:08 Scout Tower
12:12 Scout Tower
12:44 Guard Tower
13:14 Guard Tower
14:34 Farm
14:43 Farm
14:48 Farm
14:50 Farm
14:53 Farm
20:35 Farm
20:38 Farm
Chat log
(00:23 / All) (p^_-)o: some hawt college babes playing softball on ESPN
(00:28 / All) (p^_-)o: also a lot of fatties and uggos
(01:20 / All) (p^_-)o: WILD THANG
(01:23 / All) (p^_-)o: U MAKE MY HEART SANG
(01:40 / All) WILD-THING.: shut up nub!
(03:00 / All) (p^_-)o: might experience some lag turbulance
(03:03 / All) (p^_-)o: I'm DLING PORN
(05:23 / Allies) flaytheweak: middle after yall expo
(06:08 / Allies) HarshReality: 'want gloves of haste and claws +9 green
(08:43 / All) (p^_-)o: coca cola is a big time scrub LMAO
(08:48 / All) (p^_-)o: RED NOOB
(08:48 / All) c0ca_c0la: totes
(08:49 / All) (p^_-)o: HAHAHAHA
(08:52 / All) (p^_-)o: LEAVE PUSSY
(08:54 / All) c0ca_c0la: wtf you want me to do?
(09:00 / All) c0ca_c0la: hero was dead
(09:01 / All) (p^_-)o: I'll rape your asshole 50 times this game
(09:02 / All) (p^_-)o: watch
(09:07 / All) c0ca_c0la: i fucked around
(09:10 / All) c0ca_c0la: look at my units
(10:18 / All) WILD-THING.: bam yellow aved him
(10:26 / All) c0ca_c0la: gtfo scrub
(10:27 / All) (p^_-)o: Bad move yellow
(10:29 / All) (p^_-)o: Now you die
(10:34 / All) (p^_-)o: 100% bitch made needing two
(10:55 / All) c0ca_c0la: kid you aint that good
(10:56 / Allies) (p^_-)o: lumbs
(11:08 / All) c0ca_c0la: lost to this total fuck around
(11:36 / Allies) flaytheweak: wood?
(11:52 / All) WILD-THING.: pro items i got
(11:57 / All) WILD-THING.: claws 15 and claws 9 and pendant
(15:00 / All) c0ca_c0la: no team
(15:03 / All) (p^_-)o: LOL
(15:04 / All) (p^_-)o: cry
(15:05 / All) (p^_-)o: scrub
(15:07 / All) HarshReality: you suck big time
(15:10 / All) (p^_-)o: newbie
(15:12 / All) c0ca_c0la: purple trapped himself in his base
(15:16 / All) c0ca_c0la: lol 2v1 grats
(15:17 / All) sajoco17: not false
(15:17 / All) c0ca_c0la: i have no team
(15:38 / Allies) (p^_-)o: lumber
(15:45 / All) c0ca_c0la: it was gg when you took middle so keep jerking each other off all you want
(16:14 / Allies) (p^_-)o: lubmer
(16:24 / All) c0ca_c0la: gg
(16:28 / All) c0ca_c0la: no team
(17:05 / All) HarshReality: we have sick items and no one to use them on
(17:07 / All) (p^_-)o: SHITTTT
(17:18 / All) HarshReality: we each have like +30 heroes
(17:47 / All) (p^_-)o: lawl if jake didn't drop +9 claw I would have bought tp
(17:51 / All) (p^_-)o: but I went ahead and got that claw
(18:07 / All) HarshReality: I was gonna give you my claws if he didn't but figured two +30 heroes would be more fun
(18:10 / All) HarshReality: but he took forever lawl
(18:15 / All) HarshReality: shoulda given you mine then went and got his myself
(18:41 / Allies) HarshReality: lumber me
(18:48 / Allies) (p^_-)o: there you are
(18:53 / Allies) HarshReality: lawl
(18:57 / Allies) HarshReality: blue share lumber
(19:47 / Allies) HarshReality: blue share wood
(20:45 / Allies) HarshReality: blue lumber me now
(21:13 / All) (p^_-)o: Pay the lumber tax or get BTFO
(21:20 / All) HarshReality: We kill lumber hoarders in these parts
(21:37 / All) WILD-THING.: this was chill for one man team
(23:13 / Allies) flaytheweak: come on man
(23:45 / Allies) The13ichKing: why
(23:48 / All) HarshReality: Hoard lumber, PAY THE PRICE!
(23:53 / All) flaytheweak: i just got killed for not giving up my 600 in lumber
(23:56 / All) (p^_-)o: FLAY THE LUMBER HOARDERS
(24:10 / All) HarshReality: FLAY THEM ALIVE!
(24:36 / All) (p^_-)o: Is wayne brady gonna have to choke a bitch?
(25:51 / All) flaytheweak: lol oj why you chasing me im being killed by own team
(26:04 / All) WILD-THING.: is that so
(26:09 / All) (p^_-)o: quite a puzzle innit
(26:37 / All) flaytheweak: not really yall just like to fag tag when you get bored
(27:12 / All) (p^_-)o: lawl
(27:14 / All) (p^_-)o: coca cola lose
(27:14 / All) HarshReality: which team gets the loss
(27:18 / All) HarshReality: I say jake's, 3 legit
(27:20 / All) HarshReality: and red who was an idiot
(28:25 / All) WILD-THING.: quickest unit ever yo
(28:41 / Allies) (p^_-)o: you got a pendant of energy?
(28:41 / All) WILD-THING.: me leave?
(28:45 / Allies) HarshReality: nope
(28:54 / Allies) (p^_-)o: I gave up my good items lawl
(29:00 / Allies) HarshReality: not sure where his tinker is at
(29:03 / Allies) HarshReality: I can give you claws and shit
(29:17 / All) WILD-THING.: this was literally the easiest game ever
(30:16 / All) (p^_-)o: raped
(30:26 / All) (p^_-)o: STRANGER DANGER
(30:28 / Allies) (p^_-)o: STRANGER DANGER